 Dungeon Crawl Stone Soup version 0.21.1-1-g345015f (webtiles) character file.

192 Hasart the Grave Robber (level 5, 0/38 HPs)
             Began as a Demigod Necromancer on Apr 5, 2018.
             Slain by a gnoll shaman
             ... wielding a +2 whip of electrocution
              (14 damage)
             ... on level 4 of the Dungeon.
             The game lasted 00:09:06 (2974 turns).

Hasart the Grave Robber (Demigod Necromancer)       Turns: 2974, Time: 00:09:07

Health: 0/38       AC:  4    Str: 11    XL:     5   Next: 19%
Magic:  12/12      EV: 12    Int: 21    God:
Gold:   85         SH:  0    Dex: 16    Spells: 6/10 levels left

rFire    . . .     SeeInvis .   f - +2 dagger (venom)
rCold    . . .     Gourm    .   (no shield)
rNeg     . . .     Faith    .   a - +0 robe
rPois    .         Spirit   .   n - +0 helmet
rElec    .         Reflect  .   o - +0 cloak
rCorr    .         Harm     .   (no gloves)
MR       .....                  (no boots)
Stlth    ++........             (no amulet)
HPRegen  0.12/turn              (no ring)
MPRegen  0.13/turn              (no ring)

@: no status effects
A: high mp 1
a: no special abilities


You were on level 4 of the Dungeon.
You were hungry.

You visited 1 branch of the dungeon, and saw 4 of its levels.

You collected 85 gold pieces.

Inventory:

Hand Weapons
 f - a +2 dagger of venom (weapon)
Armour
 a - a +0 robe (worn)
 n - a +0 helmet (worn)
 o - a +0 cloak (worn)
Wands
 i - a wand of disintegration (10)
Scrolls
 d - 7 scrolls of identify {unknown}
 e - a scroll of blinking {unknown}
 m - a scroll of magic mapping {unknown}
 p - a scroll of teleportation {unknown}
 r - a scroll of enchant weapon {unknown}
Potions
 g - a potion of might {unknown}
 h - 2 potions of curing {unknown}
 j - a potion of degeneration {unknown}
 k - a potion of heal wounds {unknown}
 l - a potion of lignification {unknown}
 q - 2 potions of mutation {unknown}
Books
 b - a book of Necromancy

   Spells                             Type                      Level
   a - Pain                           Necromancy                   1
   b - Animate Skeleton               Necromancy                   1
   c - Vampiric Draining              Necromancy                   3
   d - Regeneration                   Charms/Necromancy            3
   e - Animate Dead                   Necromancy                   4
   f - Borgnjor's Vile Clutch         Necromancy/Earth             5
Comestibles
 c - 3 rations
 s - a chunk of flesh


   Skills:
 - Level 1.8 Dodging
 - Level 1.8 Stealth
 + Level 3.0 Spellcasting
 * Level 5.5 Necromancy


You had 6 spell levels left.
You knew the following spells:

 Your Spells              Type           Power        Failure   Level  Hunger
a - Pain                  Necr           ####         1%          1    None
b - Vampiric Draining     Necr           ####......   4%          3    ###....


Dungeon Overview and Level Annotations

Branches:
Dungeon (4/15)
 Temple: D:4-7

Annotations:
D:3 Harpaggios's ghost, amateur MfTm
D:4 Grinder; Ijyb


Innate Abilities, Weirdness & Mutations

You have an increased reservoir of magic. (+10% MP)


Message History

Grinder blinks!
You are feeling hungry.
Grinder barely misses you.
You can move again.
Grinder gestures at you. You resist with significant effort.
A gnoll shaman comes into view. It is wielding a whip of electrocution.
The gnoll shaman shouts!
You hear a shout!
Grinder gestures at you. Pain shoots through your body!
Found 25 gold pieces. 2 gnolls come into view.
The gnoll shouts!
A worm comes into view.
Ijyb the Twisted Goblin comes into view.
She is wielding a club.
The gnoll shouts!
Ijyb screams, "Level is mine!
All mine!"
The gnoll shaman hits you with a whip of electrocution!
You are electrocuted!
You die...

#ยงยงยง# ###...#####
............?.....
.................
.[.....#........
...............
.......... #.##
..........###..####
........##...#.@<.#
#...##5..#..g.g....
.###..........##$$...[
............### ......
......?......###..gg.w.
..........)............
................## ....
............#..## ###.
...#######.##...#


You could see Ijyb, a gnoll shaman, a worm and 2 gnolls.

Vanquished Creatures
  Crazy Yiuf (D:2)
  Natasha (thrice) (D:2)
  A gnoll (D:4)
  2 adders (D:2)
  An ooze (D:1)
  A dart slug (D:1)
  A leopard gecko (D:3)
  2 orcs
  2 ball pythons
  4 giant cockroaches (D:1)
  8 goblins
  2 hobgoblins (D:1)
  8 kobolds
  2 quokkas
  6 bats
  7 frilled lizards
  A leopard gecko skeleton (D:4)
  5 rats
57 creatures vanquished.

Notes
Turn   | Place    | Note
-------+----------+-------------------------------------------
     0 | D:1      | Hasart the Demigod Necromancer began the quest for the Orb.
     0 | D:1      | Reached XP level 1. HP: 14/14 MP: 5/5
   444 | D:1      | Reached skill level 4 in Necromancy
   444 | D:1      | Reached XP level 2. HP: 13/20 MP: 7/7
  1273 | D:2      | Reached XP level 3. HP: 26/26 MP: 8/8
  1296 | D:2      | Noticed Natasha
  1303 | D:2      | Killed Natasha
  1567 | D:2      | Found a sparkling altar of Nemelex Xobeh.
  1656 | D:2      | Found a runed door.
  1661 | D:2      | Learned a level 3 spell: Vampiric Draining
  1664 | D:2      | Noticed Crazy Yiuf
  1669 | D:2      | Killed Crazy Yiuf
  1669 | D:2      | Reached XP level 4. HP: 28/33 MP: 4/10
  1751 | D:2      | Reached skill level 5 in Necromancy
  1872 | D:2      | Noticed Natasha
  1878 | D:2      | Killed Natasha
  2353 | D:2      | Noticed Natasha
  2360 | D:2      | Killed Natasha
  2360 | D:2      | Reached XP level 5. HP: 21/38 MP: 6/12
  2626 | D:3      | Noticed Harpaggios's ghost (amateur MfTm)
  2641 | D:3      | Found a faded altar of an unknown god.
  2681 | D:3      | Found a glowing silver altar of Zin.
  2959 | D:4      | Noticed Grinder
  2961 | D:4      | Paralysed by Grinder for 7 turns
  2974 | D:4      | Noticed Ijyb
  2974 | D:4      | Slain by a gnoll shaman

Skill      XL: |  1  2  3  4  5 |
---------------+----------------+-----
Spellcasting   | 2 3 |  3.0
Necromancy     | 4 5 |  5.5
Dodging        | |  1.8
Stealth        | |  1.8

Action                   |  1- 3 |  4- 6 || total
-------------------------+-------+-------++-------
Melee: Dagger            |    29 |    29 ||    58
 Cast: Pain              |    40 |    28 ||    68
 Stab: Sleeping          |     2 |       ||     2
  Eat: Chunk             |     2 |     4 ||     6
Armor: Robe              |    10 |    28 ||    38
Dodge: Dodged            |    30 |    54 ||    84
